TOP OF THE 1ST |
Portland Angels batting - Pitching for Joplin Blasters : RHP Ryan Robbins
|
Pitching: RHP Ryan Robbins
|
|
Batting: RHB Fernando Sosa
|
0-0: Called Strike 0-1: Called Strike 0-2: SOLO HOME RUN (Flyball, 78XD, EV 98.8 MPH), Distance : 403 ft
|
Batting: RHB Dan Contreras
|
0-0: Ball 1-0: Ground out 6-3 (Groundball, 6, EV 88.1 MPH)
|
Batting: LHB Ramon Garduno
|
0-0: Ball 1-0: Foul Ball, location: 2F 1-1: Ground out 1-3 (Groundball, 13S, EV 59.4 MPH)
|
Batting: RHB Alex Rosaly
|
0-0: SINGLE (Popup, 6MS, EV 78.1 MPH)
|
Batting: SHB Yuya Hirata
|
0-0: Ball 1-0: SINGLE (Flyball, 56D, EV 88.1 MPH) Alex Rosaly to second Runner from 2nd tries for 3rd, OUT! 7-5
|
Top of the 1st over - 1 run, 3 hits, 0 errors, 1 left on base; Portland 1 - Joplin 0 |
BOTTOM OF THE 1ST |
Joplin Blasters batting - Pitching for Portland Angels : RHP Carlos Olbera
|
Pitching: RHP Carlos Olbera
|
|
Batting: RHB Shura Mogilny
|
0-0: Foul Ball, location: 2F 0-1: Foul Ball, location: 2F 0-2: Strikes out swinging
|
Batting: LHB Shohei Nishi
|
0-0: Ball 1-0: Fly out, F8 (Flyball, 8LD, EV 101.2 MPH)
|
Batting: SHB Adrian Orosco
|
0-0: Ball 1-0: Fly out, F7 (Line Drive, 7, EV 92.5 MPH)
|
Bottom of the 1st over - 0 runs, 0 hits, 0 errors, 0 left on base; Portland 1 - Joplin 0 |
TOP OF THE 2ND |
Portland Angels batting - Pitching for Joplin Blasters : RHP Ryan Robbins
|
Pitching: LHP Omar Nogueira
|
|
Batting: LHB Kevin Feldman
|
0-0: Ball 1-0: Ball 2-0: Called Strike 2-1: Foul Ball, location: 2F 2-2: Strikes out swinging
|
Batting: RHB Carlos Gonzales
|
0-0: Ball 1-0: Foul Ball, location: 2F 1-1: Foul Ball, location: 2F 1-2: Foul Ball, location: 2F 1-2: Strikes out swinging
|
Batting: RHB Mario Martinez
|
0-0: Ball 1-0: Called Strike 1-1: Swinging Strike 1-2: Fly out, F8 (Flyball, 8LS, EV 83.1 MPH)
|
Top of the 2nd over - 0 runs, 0 hits, 0 errors, 0 left on base; Portland 1 - Joplin 0 |
BOTTOM OF THE 2ND |
Joplin Blasters batting - Pitching for Portland Angels : RHP Carlos Olbera
|
Batting: RHB Hugo Chavez
|
0-0: Foul Ball, location: 2F 0-1: Foul Ball, location: 2F 0-2: Ball 1-2: SOLO HOME RUN (Line Drive, 7D, EV 101.2 MPH), Distance : 394 ft
|
Batting: RHB Jose Barboza
|
0-0: Ball 1-0: Swinging Strike 1-1: Foul Ball, location: 2F 1-2: Strikes out swinging
|
Batting: RHB David Rubio
|
0-0: Ball 1-0: Foul Ball, location: 2F 1-1: Called Strike 1-2: Ball 2-2: Strikes out looking
|
Batting: RHB Nick Moore
|
0-0: Ground out 5-3 (Groundball, 56S, EV 81.9 MPH)
|
Bottom of the 2nd over - 1 run, 1 hit, 0 errors, 0 left on base; Portland 1 - Joplin 1 |
TOP OF THE 3RD |
Portland Angels batting - Pitching for Joplin Blasters : LHP Omar Nogueira
|
Batting: LHB David Coatney
|
0-0: Swinging Strike 0-1: Ball 1-1: Foul Ball, location: 2F 1-2: Strikes out swinging
|
Batting: RHB Fernando Sosa
|
0-0: Called Strike 0-1: Foul Ball, location: 2F 0-2: Strikes out swinging
|
Batting: RHB Dan Contreras
|
0-0: Called Strike 0-1: Ball 1-1: Ball 2-1: Foul Ball, location: 2F 2-2: Foul Ball, location: 2F 2-2: Foul Ball, location: 2F 2-2: Ball 3-2: DOUBLE (Flyball, 78D, EV 95.6 MPH)
|
Batting: LHB Ramon Garduno
|
0-0: Called Strike 0-1: Ball 1-1: Ball 2-1: Swinging Strike 2-2: Strikes out looking
|
Top of the 3rd over - 0 runs, 1 hit, 0 errors, 1 left on base; Portland 1 - Joplin 1 |
BOTTOM OF THE 3RD |
Joplin Blasters batting - Pitching for Portland Angels : RHP Carlos Olbera
|
Batting: RHB Juan Nieves
|
0-0: Ball 1-0: Called Strike 1-1: Ball 2-1: Ball 3-1: Ground out 5-3 (Groundball, 5L, EV 83.1 MPH)
|
Batting: RHB Bobby Leon
|
0-0: Bunted foul 0-1: Fly out, F9 (Flyball, 9, EV 98.1 MPH)
|
Batting: RHB Shura Mogilny
|
0-0: Ball 1-0: Ball 2-0: Called Strike 2-1: Ball 3-1: Ground out 6-3 (Groundball, 6, EV 88.8 MPH)
|
Bottom of the 3rd over - 0 runs, 0 hits, 0 errors, 0 left on base; Portland 1 - Joplin 1 |
TOP OF THE 4TH |
Portland Angels batting - Pitching for Joplin Blasters : LHP Omar Nogueira
|
Batting: RHB Alex Rosaly
|
0-0: Called Strike 0-1: Ball 1-1: DOUBLE (Line Drive, 89M, EV 99.4 MPH)
|
Batting: SHB Yuya Hirata
|
0-0: Swinging Strike 0-1: Ball 1-1: Ball 2-1: Foul Ball, location: 2F 2-2: Strikes out swinging
|
Batting: LHB Kevin Feldman
|
0-0: TRIPLE (Line Drive, 89XD, EV 104.4 MPH) Alex Rosaly scores
|
Batting: RHB Carlos Gonzales
|
0-0: Ball 1-0: Ball 2-0: Called Strike 2-1: Called Strike 2-2: Ball 3-2: Strikes out looking
|
Batting: RHB Mario Martinez
|
0-0: Ball 1-0: Fly out, F7 (Flyball, 78M, EV 86.9 MPH)
|
Top of the 4th over - 1 run, 2 hits, 0 errors, 1 left on base; Portland 2 - Joplin 1 |
BOTTOM OF THE 4TH |
Joplin Blasters batting - Pitching for Portland Angels : RHP Carlos Olbera
|
Batting: LHB Shohei Nishi
|
0-0: Fly out, F9 (Line Drive, 9LM, EV 90.6 MPH)
|
Batting: SHB Adrian Orosco
|
0-0: Ball 1-0: Foul Ball, location: 2F 1-1: Foul Ball, location: 2F 1-2: Foul Ball, location: 2F 1-2: SINGLE (Line Drive, 78S, EV 103.1 MPH)
|
Batting: RHB Hugo Chavez
|
0-0: Hit by Pitch Adrian Orosco to second
|
Batting: RHB Jose Barboza
|
0-0: Ball 1-0: Foul Ball, location: 2F 1-1: Hit by Pitch Adrian Orosco to third Hugo Chavez to second
|
Batting: RHB David Rubio
|
0-0: Swinging Strike 0-1: Fly out, F3 (Popup, 3SF, EV 71.9 MPH)
|
Batting: RHB Nick Moore
|
0-0: Called Strike 0-1: Ball 1-1: SINGLE (Groundball, 5D, EV 106.2 MPH) Adrian Orosco scores Hugo Chavez to third Jose Barboza to second
|
Batting: RHB Juan Nieves
|
0-0: Ball 1-0: Ball Passed Ball! Hugo Chavez scores Jose Barboza to third Nick Moore to second 2-0: Called Strike 2-1: Foul Ball, location: 2F 2-2: Strikes out swinging
|
Bottom of the 4th over - 2 runs, 2 hits, 0 errors, 2 left on base; Portland 2 - Joplin 3 |
TOP OF THE 5TH |
Portland Angels batting - Pitching for Joplin Blasters : LHP Omar Nogueira
|
Batting: LHB David Coatney
|
0-0: Called Strike 0-1: Foul Ball, location: 2F 0-2: Strikes out swinging
|
Batting: RHB Fernando Sosa
|
0-0: Foul Ball, location: 2F 0-1: Ball 1-1: Swinging Strike 1-2: Ball 2-2: Ball 3-2: Foul Ball, location: 2F 3-2: Base on Balls
|
Pitching: RHP Reginald Larnach
|
|
Batting: RHB Dan Contreras
|
0-0: Called Strike 0-1: Swinging Strike 0-2: Foul Ball, location: 2F 0-2: Strikes out looking
|
Batting: LHB Ramon Garduno
|
0-0: Ball 1-0: Ball Fernando Sosa steals 2nd, throwing error, E2 Fernando Sosa to third 2-0: Called Strike 2-1: Called Strike 2-2: Foul Ball, location: 2F 2-2: Ground out 6-3 (Groundball, 6, EV 103.8 MPH)
|
Top of the 5th over - 0 runs, 0 hits, 1 error, 1 left on base; Portland 2 - Joplin 3 |
BOTTOM OF THE 5TH |
Joplin Blasters batting - Pitching for Portland Angels : RHP Carlos Olbera
|
Batting: RHB Bobby Leon
|
0-0: Ground out 1-3 (Groundball, 34S, EV 68.8 MPH)
|
Batting: RHB Shura Mogilny
|
0-0: SINGLE (Flyball, 78S, EV 90.0 MPH)
|
Batting: LHB Shohei Nishi
|
0-0: Called Strike Shura Mogilny steals 2nd base 0-1: Foul Ball, location: 2F 0-2: SINGLE (Line Drive, 4MD, EV 97.5 MPH) Shura Mogilny to third
|
Batting: SHB Adrian Orosco
|
0-0: Called Strike 0-1: Ball 1-1: Called Strike Shohei Nishi steals 2nd, throwing error, E2 Shura Mogilny scores Shohei Nishi to third 1-2: Ball 2-2: Ball 3-2: Fly out, F8 (Line Drive, 8LD, EV 91.9 MPH) Runner from 3rd tags up, SCORES, no throw by CF
|
Batting: RHB Hugo Chavez
|
0-0: Ball 1-0: Ball 2-0: Foul Ball, location: 2F 2-1: Fly out, F9 (Line Drive, 9, EV 94.4 MPH)
|
Bottom of the 5th over - 2 runs, 2 hits, 1 error, 0 left on base; Portland 2 - Joplin 5 |
TOP OF THE 6TH |
Portland Angels batting - Pitching for Joplin Blasters : RHP Reginald Larnach
|
Batting: RHB Alex Rosaly
|
0-0: Ball 1-0: Foul Ball, location: 2F 1-1: Ball 2-1: Foul Ball, location: 2F 2-2: SINGLE (Line Drive, 6, EV 96.2 MPH)
|
Batting: SHB Yuya Hirata
|
0-0: Fly out, F8 (Line Drive, 8LM, EV 108.1 MPH)
|
Batting: LHB Kevin Feldman
|
0-0: Ball Alex Rosaly steals 2nd base (no throw) 1-0: Called Strike 1-1: Swinging Strike 1-2: Foul Ball, location: 2F 1-2: Strikes out swinging
|
Batting: RHB Carlos Gonzales
|
0-0: Called Strike 0-1: Foul Ball, location: 2F 0-2: Ball 1-2: Ball 2-2: Ball 3-2: Strikes out swinging
|
Top of the 6th over - 0 runs, 1 hit, 0 errors, 1 left on base; Portland 2 - Joplin 5 |
BOTTOM OF THE 6TH |
Joplin Blasters batting - Pitching for Portland Angels : RHP Carlos Olbera
|
Batting: RHB Jose Barboza
|
0-0: Ball 1-0: Ball 2-0: Called Strike 2-1: Swinging Strike 2-2: Foul Ball, location: 2F 2-2: SOLO HOME RUN (Flyball, 7LD, EV 95.0 MPH), Distance : 337 ft
|
Batting: RHB David Rubio
|
0-0: Foul Ball, location: 2F 0-1: Ball 1-1: Ball 2-1: Foul Ball, location: 2F 2-2: Ball 3-2: Foul Ball, location: 2F 3-2: Base on Balls
|
Pitching: RHP Javier Carrasco
|
|
Batting: RHB Nick Moore
|
0-0: Foul Ball, location: 2F 0-1: Ball 1-1: Foul Ball, location: 2F 1-2: Ball 2-2: Reached on error, E5 (Groundball, 56, EV 80.0 MPH) David Rubio to second
|
Batting: RHB Juan Nieves
|
0-0: Ball 1-0: Ball 2-0: Ball Wild Pitch! David Rubio to third Nick Moore to second 3-0: Called Strike 3-1: Foul Ball, location: 2F 3-2: Base on Balls
|
Batting: RHB Bobby Leon
|
0-0: Ball 1-0: Foul Ball, location: 2F 1-1: Fielders Choice at 2nd, 5-4 (Groundball, 56, EV 103.1 MPH) David Rubio scores Nick Moore to third
|
Batting: RHB Shura Mogilny
|
0-0: Foul Ball, location: 2F 0-1: Called Strike 0-2: Ball 1-2: SINGLE (Groundball, 25, EV 68.1 MPH) (infield hit) Bobby Leon to second
|
Batting: LHB Shohei Nishi
|
0-0: Foul Ball, location: 2F 0-1: Fielders Choice at 2nd, 3-6 (Groundball, 34, EV 98.1 MPH) Nick Moore scores Bobby Leon to third
|
Batting: SHB Adrian Orosco
|
0-0: Ball 1-0: Ball 2-0: Foul Ball, location: 2F 2-1: Ball 3-1: Foul Ball, location: 2F 3-2: Foul Ball, location: 2F 3-2: Foul Ball, location: 2F 3-2: Foul Ball, location: 2F 3-2: DOUBLE (Line Drive, 89D, EV 100.6 MPH) Bobby Leon scores Shohei Nishi to third Shohei Nishi scores
|
Batting: RHB Hugo Chavez
|
0-0: Ball 1-0: Swinging Strike 1-1: Ball 2-1: Foul Ball, location: 2F 2-2: Ball 3-2: Foul Ball, location: 2F 3-2: Base on Balls
|
Batting: RHB Jose Barboza
|
0-0: Ball 1-0: Ball 2-0: Ball 3-0: Called Strike 3-1: Base on Balls Adrian Orosco to third Hugo Chavez to second
|
Batting: RHB David Rubio
|
0-0: Foul Ball, location: 2F 0-1: Fly out, F9 (Flyball, 89D, EV 81.2 MPH)
|
Bottom of the 6th over - 5 runs, 3 hits, 1 error, 3 left on base; Portland 2 - Joplin 10 |
TOP OF THE 7TH |
Portland Angels batting - Pitching for Joplin Blasters : RHP Reginald Larnach
|
Batting: RHB Mario Martinez
|
0-0: Ball 1-0: Called Strike 1-1: Ball 2-1: Swinging Strike 2-2: Strikes out swinging
|
Batting: LHB David Coatney
|
0-0: Ball 1-0: Foul Ball, location: 2F 1-1: Foul Ball, location: 2F 1-2: Foul Ball, location: 2F 1-2: Ball 2-2: Ball 3-2: Fly out, F8 (Flyball, 8LD, EV 90.0 MPH)
|
Batting: RHB Fernando Sosa
|
0-0: Ball 1-0: Called Strike 1-1: Ball 2-1: Ball 3-1: Swinging Strike 3-2: Strikes out swinging
|
Top of the 7th over - 0 runs, 0 hits, 0 errors, 0 left on base; Portland 2 - Joplin 10 |
BOTTOM OF THE 7TH |
Joplin Blasters batting - Pitching for Portland Angels : RHP Javier Carrasco
|
Pinch Hitting: RHB Angel Melendez
|
0-0: DOUBLE (Line Drive, 9LM, EV 102.5 MPH)
|
Pitching: LHP Armando Salas
|
|
Pinch Hitting: SHB Glenn Harrison
|
0-0: Ball Passed Ball! Angel Melendez to third 1-0: Foul Ball, location: 2F 1-1: Called Strike 1-2: Ground out 5-3 (Groundball, 5L, EV 81.9 MPH)
|
Pinch Hitting: LHB Josh Lane
|
0-0: Ground out 5-3 (Groundball, 56, EV 84.4 MPH) Angel Melendez scores
|
Batting: RHB Shura Mogilny
|
0-0: Called Strike 0-1: Fly out, F8 (Flyball, 8RS, EV 81.2 MPH)
|
Bottom of the 7th over - 1 run, 1 hit, 0 errors, 0 left on base; Portland 2 - Joplin 11 |
TOP OF THE 8TH |
Portland Angels batting - Pitching for Joplin Blasters : RHP Reginald Larnach
|
Now at 2B: Angel Melendez
|
|
Now at SS: Josh Lane
|
|
Now in LF: Shura Mogilny
|
|
Now in CF: Glenn Harrison
|
|
Batting: RHB Dan Contreras
|
0-0: Ball 1-0: Ground out 4-3 (Groundball, 4, EV 88.1 MPH)
|
Batting: LHB Ramon Garduno
|
0-0: Called Strike 0-1: Foul Ball, location: 2F 0-2: Fly out, F7 (Flyball, 7S, EV 88.1 MPH)
|
Batting: RHB Alex Rosaly
|
0-0: Swinging Strike 0-1: Ball 1-1: Ball 2-1: Foul Ball, location: 2F 2-2: SINGLE (Groundball, 6D, EV 98.1 MPH)
|
Batting: SHB Yuya Hirata
|
0-0: Ball 1-0: Swinging Strike 1-1: Swinging Strike 1-2: Foul Ball, location: 2F 1-2: Strikes out swinging
|
Top of the 8th over - 0 runs, 1 hit, 0 errors, 1 left on base; Portland 2 - Joplin 11 |
BOTTOM OF THE 8TH |
Joplin Blasters batting - Pitching for Portland Angels : LHP Armando Salas
|
Pinch Hitting: LHB Jayden Pelayo
|
0-0: Ball 1-0: Swinging Strike 1-1: Foul Ball, location: 2F 1-2: Strikes out looking
|
Batting: SHB Adrian Orosco
|
0-0: Called Strike 0-1: Ball 1-1: Called Strike 1-2: Ball 2-2: Fly out, F9 (Flyball, 9, EV 82.5 MPH)
|
Batting: RHB Hugo Chavez
|
0-0: Fly out, F9 (Flyball, 9LSF, EV 86.9 MPH)
|
Bottom of the 8th over - 0 runs, 0 hits, 0 errors, 0 left on base; Portland 2 - Joplin 11 |
TOP OF THE 9TH |
Portland Angels batting - Pitching for Joplin Blasters : RHP Reginald Larnach
|
Pitching: RHP Oscar Cisneros
|
|
Now in RF: Jayden Pelayo
|
|
Batting: LHB Kevin Feldman
|
0-0: Called Strike 0-1: Ball 1-1: SINGLE (Line Drive, 9LS, EV 101.2 MPH)
|
Batting: RHB Carlos Gonzales
|
0-0: Called Strike 0-1: Swinging Strike 0-2: Foul Ball, location: 2F 0-2: Strikes out looking
|
Batting: RHB Mario Martinez
|
0-0: Foul Ball, location: 2F 0-1: Swinging Strike 0-2: Ball 1-2: Ball 2-2: Foul Ball, location: 2F 2-2: Strikes out swinging
|
Batting: LHB David Coatney
|
0-0: Foul Ball, location: 2F 0-1: SINGLE (Line Drive, 7S, EV 101.2 MPH) Kevin Feldman to second
|
Batting: RHB Fernando Sosa
|
0-0: Ball 1-0: Fly out, F3 (Popup, 3F, EV 75.0 MPH)
|
Top of the 9th over - 0 runs, 2 hits, 0 errors, 2 left on base; Portland 2 - Joplin 11 |
|